 Dungeon Crawl Stone Soup version 0.29-a0-334-gb41bcbb86e (webtiles) character file.

Game seed: 2692544001596287905

1429 zishaf the Zephyrmancer (level 8, 0/49 HPs)
             Began as a Tengu Air Elementalist on Apr 14, 2022.
             Was an Initiate of Hepliaklqana.
             Slain by a gnoll sergeant
             ... wielding a +0 spear
              (8 damage)
             ... on level 6 of the Dungeon.
             The game lasted 00:19:47 (7917 turns).

zishaf the Zephyrmancer (Tengu Air Elementalist)    Turns: 7917, Time: 00:19:47

Health: 0/49       AC:  6    Str: 15    XL:     8   Next: 73%
Magic:  3/15       EV: 14    Int: 17    God:    Hepliaklqana [......]
Gold:   436        SH:  0    Dex: 15    Spells: 5/15 levels left

rFire   . . .      SeeInvis .   e - +1 short sword
rCold   . . .      Faith    .   (no shield)
rNeg    + . .      Spirit   .   i - +3 leather armour
rPois   .          Reflect  .   (helmet restricted)
rElec   .          Harm     .   (no cloak)
rCorr   .          Rampage  .   (no gloves)
Will    .....                   (boots unavailable)
Stlth   +++.......              (no amulet)
HPRegen 0.16/turn               n - ring of positive energy
MPRegen 0.14/turn               m - +6 ring of strength

@: flying quickly and evasively, studying Stealth, quick
A: beak, talons 3, nimble flight
a: Renounce Religion


You were on level 6 of the Dungeon.
You worshipped Hepliaklqana.
Hepliaklqana was noncommittal.
You visited 2 branches of the dungeon, and saw 7 of its levels.

You collected 436 gold pieces.

Inventory:

Hand Weapons
 e - a +1 short sword (weapon)
Armour
 a - a +1 robe
 i - a +3 leather armour (worn)
Jewellery
 l - an amulet of guardian spirit
 m - a +6 ring of strength (right hand)
 n - a ring of positive energy (left hand)
 x - a ring of ice
Wands
 d - a wand of polymorph (5)
 f - a wand of flame (42)
 k - a wand of charming (8)
 u - a wand of iceblast (12)
Scrolls
 r - a scroll of fear {unknown}
 v - 2 scrolls of enchant weapon
Potions
 b - 2 potions of magic
 c - 3 potions of curing
 g - a potion of brilliance
 h - a potion of might {unknown}
 j - 3 potions of berserk rage {unknown}
 o - a potion of heal wounds {unknown}
 p - a potion of mutation {unknown}
 q - a potion of haste {unknown}
 s - 2 potions of degeneration {unknown}
 t - a potion of flight {unknown}
 w - a potion of resistance {unknown}
 z - a potion of cancellation {unknown}


   Skills:
 + Level 5.0 Fighting
 - Level 1.0 Armour
 - Level 2.1 Dodging
 - Level 5.0 Stealth
 - Level 4.0 Spellcasting
 - Level 3.0 Conjurations
 * Level 10.2 Air Magic


You had 5 spell levels left.
You knew the following spells:

 Your Spells              Type           Power      Damage    Failure   Level
a - Shock                 Conj/Air       100%       1d9       1%          1
b - Static Discharge      Conj/Air       25%        N/A       1%          2
c - Swiftness             Air            38%        N/A       1%          3
d - Airstrike             Air            19%        N/A       2%          4

Your spell library contained the following spells:

 Spells                   Type           Power      Damage    Failure   Level
 Sublimation of Blood     Necr           3%         N/A       28%         2
 Call Canine Familiar     Summ           3%         N/A       50%         3
 Portal Projectile        Hex/Tloc       6%         N/A       50%         3
 Leda's Liquefaction      Hex/Erth       1%         N/A       88%         4
 Petrify                  Tmut/Erth      3%         N/A       88%         4
 Irradiate                Conj/Tmut      4%         3d14      96%         5
 Conjure Ball Lightning   Conj/Air       12%        3x3d6     89%         6
 Discord                  Hex            1%         N/A       100%        8
 Disjunction              Tloc           1%         N/A       100%        8


Dungeon Overview and Level Annotations

Branches:
Dungeon (6/15)             Temple (1/1) D:5

Altars:
Dithmenos
Elyvilon
Gozag
Hepliaklqana
Kikubaaqudgha
Nemelex Xobeh
Okawaru
Qazlal
Ru
Sif Muna
Trog
Uskayaw
Wu Jian
Xom
Yredelemnul
Zin

Shops:
D:3 =[*[


Innate Abilities, Weirdness & Mutations

You have a beak for a mouth.
You have claws for feet.
Your magical nature lets you fly swiftly and evasively.


Message History

The gnoll sergeant is lightly wounded.
The gnoll is struck by an arc of lightning.
The gnoll is severely wounded.
The gnoll sergeant is struck by an arc of lightning.
The gnoll sergeant is moderately wounded.
The lightning grounds out.
The gnoll sergeant misses you.
Your life force feels restored.
Your Fighting skill increases to level 5!
Your Air Magic skill increases to level 10!
The gnoll sergeant hits you from afar with a +0 spear!
Casting: Static Discharge (safe; 1% risk of failure)
Confirm with . or Enter, or press ? or * to list all spells.
Aiming: Shock (safe; 1% risk of failure)
Press: ? - help, Shift-Dir - straight line The zap misses the gnoll sergeant.
The zap hits the gnoll.
The gnoll is severely wounded.
The zap hits the gnoll.
You kill the gnoll!
The gnoll sergeant hits you from afar with a +0 spear!
The gnoll sergeant closely misses you.
Items here: ! )) [.
Casting: Shock (safe; 1% risk of failure)
Confirm with . or Enter, or press ? or * to list all spells.
The gnoll sergeant is struck by an arc of lightning.
The gnoll sergeant is heavily wounded.
You are struck by an arc of lightning.
The gnoll sergeant is struck by an arc of lightning.
The gnoll sergeant is severely wounded.
The lightning grounds out.
The gnoll sergeant hits you with a +0 spear!
The gnoll sergeant hits you with a +0 spear.
Casting: Static Discharge (safe; 1% risk of failure)
Confirm with . or Enter, or press ? or * to list all spells.
The gnoll sergeant is struck by an arc of lightning.
The gnoll sergeant is almost dead.
The lightning grounds out.
The gnoll sergeant hits you with a +0 spear!
* * * LOW HITPOINT WARNING * * *
The gnoll sergeant hits you with a +0 spear!
You die...

### #. #.#
#.##.#
#.##.########
####........@g)#
............##.#
##.#..#.######.#
#.#..#.# #)# ###
#.#....# #.#
##.###.#.#..#
#.gggg.#
............##.
#.##@#.#
.#..##.#.#......
#.# #
.#..##..........
..#


You could see a gnoll sergeant.

Vanquished Creatures
  A rime drake (D:5)
  A yak (D:6)
  Edmund (D:6)
  A sky beast (D:3)
  An ogre (D:5)
  Blork the orc (D:6)
  A bullfrog (D:4)
  A scorpion (D:5)
  A jelly (D:5)
  2 orc priests
  3 iguanas
  Ijyb (D:3)
  3 orc wizards
  11 gnolls
  5 adders
  3 white imps
  An ufetubus (D:6)
  2 worms (D:3)
  4 dart slugs
  6 orcs
  2 ball pythons
  7 bats
  10 endoplasms
  A giant cockroach (D:1)
  8 goblins
  13 hobgoblins
  3 jackals (D:4)
  11 kobolds
  A quokka (D:1)
  6 frilled lizards
  2 rats
114 creatures vanquished.

Vanquished Creatures (others)
  A plant (D:3)
1 creature vanquished.

Grand Total: 115 creatures vanquished

Notes
Turn   | Place    | Note
-------+----------+-------------------------------------------
     0 | D:1      | zishaf the Tengu Air Elementalist began the quest for the
                  | Orb.
     0 | D:1      | Reached XP level 1. HP: 10/10 MP: 4/4
   300 | D:1      | Reached XP level 2. HP: 16/16 MP: 4/6
   407 | D:1      | Learned a level 2 spell: Static Discharge
   562 | D:1      | Reached skill level 1 in Fighting
   694 | D:1      | Found a faded altar of an unknown god.
   881 | D:1      | Reached XP level 3. HP: 20/20 MP: 3/7
  1710 | D:2      | Learned a level 3 spell: Swiftness
  2245 | D:2      | Reached skill level 5 in Air Magic
  2451 | D:3      | Found Lemoy's General Store.
  2532 | D:3      | Reached XP level 4. HP: 25/25 MP: 6/8
  3099 | D:3      | Found Assewnil's Jewellery Shop.
  3150 | D:3      | Found Nayshr Pyirph's Antique Armour Boutique.
  3159 | D:3      | Found a hide-covered altar of Uskayaw.
  3167 | D:3      | Found Owar's General Store.
  3169 | D:3      | Found Vurila's Armour Shoppe.
  3181 | D:3      | Noticed an ogre
  3195 | D:3      | Reached skill level 1 in Armour
  3266 | D:3      | Noticed Ijyb
  3374 | D:3      | Killed Ijyb
  3375 | D:3      | Gained mutation: Your magical nature lets you fly swiftly
                  | and evasively. [Tengu growth]
  3375 | D:3      | Reached XP level 5. HP: 26/30 MP: 0/9
  3608 | D:4      | Noticed a sky beast
  3795 | D:3      | Killed a sky beast
  3796 | D:3      | Reached skill level 6 in Air Magic
  3796 | D:3      | Reached XP level 6. HP: 36/36 MP: 9/11
  4481 | D:4      | Learned a level 4 spell: Airstrike
  4629 | D:4      | Found a shimmering altar of Xom.
  5282 | D:4      | Found an ornate altar of the Wu Jian Council.
  5306 | D:4      | Reached skill level 7 in Air Magic
  5655 | D:5      | Entered Level 5 of the Dungeon
  5747 | D:5      | Reached XP level 7. HP: 25/41 MP: 0/12
  5880 | D:5      | Noticed Eustachio
  5884 | D:5      | Noticed Eustachio
  5884 | D:5      | Eustachio changed into Eustachio the rime drake
  6365 | D:5      | Killed Eustachio the rime drake
  6366 | D:5      | Reached skill level 8 in Air Magic
  6381 | D:5      | Reached XP level 8. HP: 37/48 MP: 1/14
  6488 | D:5      | Found a bloodstained altar of Trog.
  6748 | D:5      | Found a sparkling altar of Nemelex Xobeh.
  6940 | D:5      | Found a staircase to the Ecumenical Temple.
  6946 | Temple   | Entered the Ecumenical Temple
  7025 | Temple   | Became a worshipper of Hepliaklqana the Forgotten
  7222 | D:6      | Noticed Blork the orc
  7222 | D:6      | Noticed a yak
  7273 | D:6      | Noticed a yak
  7288 | D:6      | Noticed a yak
  7290 | D:6      | Noticed a yak
  7292 | D:6      | Killed a yak
  7293 | D:6      | Reached skill level 5 in Stealth
  7293 | D:6      | Reached skill level 9 in Air Magic
  7479 | D:6      | Killed Blork the orc
  7896 | D:6      | Noticed Edmund
  7910 | D:6      | Killed Edmund
  7911 | D:6      | Reached skill level 5 in Fighting
  7911 | D:6      | Reached skill level 10 in Air Magic
  7917 | D:6      | Slain by a gnoll sergeant

Illustrated notes

Levels and vault maps discovered:
D:1:      nicolae_arrival_memento_mori, layout_loops_corners,
          hellmonk_ecumenical_altar_lost_god,
          hangedman_abyss_or_decor_lesser_grid, minmay_misc_feat_five
D:2:      layout_rooms, minmay_tripent
D:3:      minmay_bubble_buster, layout_rooms, eat_drink_and_be_merry_uskayaw,
          serial_shops, nicolae_diamond_shop, shop,
          nicolae_shop_overgrown_old_shop, shop, shop_coins, uniq_ijyb
D:4:      layout_layer_cave, mainiacjoe_overflow_surrounded_room,
          mainiacjoe_overflow_paths, minmay_misc_feat_doors,
          minmay_manual_monstrance
D:5:      layout_basic, kennysheep_little_box,
          mainiacjoe_overflow_six_doors_small, minmay_temple_entry_metal_lava,
          serial_bayou_ford_a, minmay_misc_feat_chi, uniq_eustachio
D:6:      minmay_diamond_boxcup, layout_basic, uniq_blork_the_orc, uniq_edmund
Temple:   jpeg_temple_clearing

Skill      XL: |  1  2  3  4  5  6  7  8 |
---------------+-------------------------+-----
Conjurations   | 2 3 |  3.0
Fighting       | 1 2 3 5 |  5.0
Air Magic      | 5 6 7 8 10 | 10.2
Armour         | 1 |  1.0
Spellcasting   | 3 4 |  4.0
Stealth        | 4 5 |  5.0
Dodging        | |  2.1

Action                   |  1- 3 |  4- 6 |  7- 9 || total
-------------------------+-------+-------+-------++-------
Melee: Unarmed           |     9 |       |       ||     9
       Kick              |     4 |     3 |       ||     7
       Short sword       |     3 |    17 |     1 ||    21
       Peck              |     1 |     3 |     1 ||     5
 Cast: Shock             |    81 |   114 |    50 ||   245
       Static Discharge  |       |     9 |    27 ||    36
       Swiftness         |       |     1 |       ||     1
Evoke: Wand              |       |     3 |     2 ||     5
  Use: Scroll            |       |    10 |       ||    10
Armor: Robe              |    14 |       |       ||    14
       Leather armour    |     3 |    12 |     7 ||    22
Dodge: Dodged            |    29 |    32 |    24 ||    85

Table legend: (Time is in decaauts)
 A = Elapsed time spent in this place.
 B = Non-inter-level travel time spent in this place.
 C = Inter-level travel time spent in this place.
 D = Time resting spent in this place.
 E = Time spent auto-exploring this place.
 F = Levels seen in this place.
 G = Mean time per level.
                   A        B        C        D        E       F      G
               +--------+--------+--------+--------+--------+-----+--------+
         Total |   7684 |   7244 |    440 |   2217 |   3899 |   7 | 1097.7 |
       Dungeon |   7599 |   7174 |    425 |   2217 |   3840 |   6 | 1266.5 |
        Temple |     85 |     71 |     14 |      0 |     58 |   1 |   85.0 |
               +--------+--------+--------+--------+--------+-----+--------+

Top non-repeatable levels by time:
     D:4: 2051 daAuts
     D:1: 1673 daAuts
     D:3: 1363 daAuts
     D:5: 1201 daAuts
     D:2: 837 daAuts
     D:6: 471 daAuts
  Temple: 85 daAuts
